cohdb
Replays
Latest Replays
All Replays
Popular Replays
Top Player Replays
Match Explorer
How It Works
Community
CoH3 Stats
Reddit
Sign in to upload your games and track your stats! →
Sign in with Steam
Match 47295633
Unlisted
Match 47295633
Overview
Messages
Build Orders
End
Kradschützen Motorcycle Team
Panzergrenadier Squad
Panzergrenadier Squad
Panzergrenadier Squad
Selects Armored Support Battlegroup
Selects Salvage Kits
Construct Light Support Kompanie
Fire Support Elements
2.5-tonne Medical Truck
Veteran Squad Leaders
Selects Veteran Gunners
Tungsten Core Ammunition
Selects Panzer Storm
Construct Panzerarmee Kommand
Panzer III L Medium Tank
Rapid Advance
Panzer III L Medium Tank
Selects Stuka Anti-tank Loiter
Panzer III L Medium Tank
Stuka Anti-tank Loiter
Panzer Storm
Selects Flammpanzer III Medium Tank
Selects Battlefield Salvage
Panzer III L Medium Tank
Panzergrenadier Squad
Panzer III L Medium Tank
Stuka Anti-tank Loiter
Panzer III L Medium Tank
Panzer III L Medium Tank
Panzergrenadier Squad
Panzergrenadier Squad
Panzerpioneer Squad
Vehicle Survival Package
Stuka Anti-tank Loiter
Battlefield Salvage
Emergency Repair Kits
Panzer III L Medium Tank
Panzer III L Medium Tank
Panzer III L Medium Tank
Construct Mechanized Kompanie
Stuka Anti-tank Loiter
_Steven_
North_Ampton
coinisi
ionwood
NewPeopleArmy
Sergei_W40k
bettipqtv
InDex
0
0
Comments
sign in to comment!
No comments posted yet!